TOP OF THE 1ST |
Birmingham Barons batting - Pitching for Indiana Hounds : LHP Tatsui Tanaka
|
Pitching: LHP Tatsui Tanaka
|
|
Batting: RHB Warren Martin
|
0-0: Fly out, F8 (Flyball, 8LM)
|
Batting: LHB John Haney
|
0-0: Called Strike 0-1: Swinging Strike 0-2: Strikes out swinging
|
Batting: RHB Todd Rogers
|
0-0: Ball 1-0: Swinging Strike 1-1: Foul Ball, location: 2F 1-2: Fly out, F8 (Flyball, 8LM)
|
Top of the 1st over - 0 run(s), 0 hit(s), 0 error(s), 0 left on base; Birmingham 0 - Indiana 0 |
BOTTOM OF THE 1ST |
Indiana Hounds batting - Pitching for Birmingham Barons : RHP Michael Young
|
Pitching: RHP Michael Young
|
|
Batting: LHB David Cháves
|
0-0: SOLO HOME RUN (Flyball, 9LD), Distance : 335 ft
|
Batting: RHB Octávio Marín
|
0-0: Called Strike 0-1: Swinging Strike 0-2: Ball 1-2: SOLO HOME RUN (Flyball, 9D), Distance : 347 ft
|
Batting: RHB Danny Walker
|
0-0: Foul Ball, location: 2F 0-1: Foul Ball, location: 2F 0-2: Foul Ball, location: 2F 0-2: Foul Ball, location: 2F 0-2: Ball 1-2: Strikes out swinging
|
Batting: RHB Norberto Gonzáles
|
0-0: Ball 1-0: Ball 2-0: Ball 3-0: Base on Balls
|
Batting: LHB Dave Helásquez
|
0-0: Called Strike 0-1: Fly out, F8 (Flyball, 8RM)
|
Batting: RHB Domingo Romero
|
0-0: Foul Ball, location: 2F 0-1: Ball 1-1: Fly out, F6 (Popup, 6MD)
|
Bottom of the 1st over - 2 run(s), 2 hit(s), 0 error(s), 1 left on base; Birmingham 0 - Indiana 2 |
TOP OF THE 2ND |
Birmingham Barons batting - Pitching for Indiana Hounds : LHP Tatsui Tanaka
|
Batting: SHB Anastasio Ortíz
|
0-0: Ball 1-0: Ground out 5-3 (Groundball, 56)
|
Batting: RHB Jean-Paul St-Pierre
|
0-0: Ball 1-0: Ball 2-0: Ball 3-0: Base on Balls
|
Batting: RHB Vicente Carona
|
0-0: Grounds into double play, 6-4-3 (Groundball, 6D)
|
Top of the 2nd over - 0 run(s), 0 hit(s), 0 error(s), 0 left on base; Birmingham 0 - Indiana 2 |
BOTTOM OF THE 2ND |
Indiana Hounds batting - Pitching for Birmingham Barons : RHP Michael Young
|
Batting: LHB Denny Poole
|
0-0: Ball 1-0: Ball 2-0: Called Strike 2-1: Ball 3-1: SINGLE (Groundball, 6MD)
|
Batting: LHB Dave Watson
|
0-0: DOUBLE (Flyball, 89D) Denny Poole to third
|
Batting: RHB Doug Murray
|
0-0: Ball 1-0: Ground out 6-3 (Groundball, 6M) Denny Poole scores Dave Watson to third
|
Batting: LHB David Cháves
|
0-0: Ball 1-0: Ball 2-0: Fly out, F8 (Flyball, 8RS) Runner from 3rd tags up, SCORES, no throw
|
Batting: RHB Octávio Marín
|
0-0: Ball 1-0: Ball 2-0: SINGLE (Groundball, 56D)
|
Batting: RHB Danny Walker
|
0-0: Called Strike 0-1: Swinging Strike 0-2: Ball 1-2: Ball 2-2: Strikes out swinging
|
Bottom of the 2nd over - 2 run(s), 3 hit(s), 0 error(s), 1 left on base; Birmingham 0 - Indiana 4 |
TOP OF THE 3RD |
Birmingham Barons batting - Pitching for Indiana Hounds : LHP Tatsui Tanaka
|
Batting: LHB Al Gaines
|
0-0: Ball 1-0: Ball 2-0: Ball 3-0: Called Strike 3-1: Fly out, F7 (Flyball, 7LSF)
|
Batting: LHB Marc May
|
0-0: Ball 1-0: Ball 2-0: Ball 3-0: Called Strike 3-1: Called Strike 3-2: Fly out, F7 (Line Drive, 78M)
|
Batting: RHB Vicente Elías
|
0-0: Foul Ball, location: 2F 0-1: Called Strike 0-2: Fly out, F6 (Line Drive, 6)
|
Top of the 3rd over - 0 run(s), 0 hit(s), 0 error(s), 0 left on base; Birmingham 0 - Indiana 4 |
BOTTOM OF THE 3RD |
Indiana Hounds batting - Pitching for Birmingham Barons : RHP Michael Young
|
Batting: RHB Norberto Gonzáles
|
0-0: Ball 1-0: Ball 2-0: Called Strike 2-1: Foul Ball, location: 2F 2-2: Ball 3-2: Foul Ball, location: 2F 3-2: Strikes out swinging
|
Batting: LHB Dave Helásquez
|
0-0: Ball 1-0: Foul Ball, location: 2F 1-1: Swinging Strike 1-2: Ball 2-2: DOUBLE (Flyball, 89D)
|
Batting: RHB Domingo Romero
|
0-0: Ball 1-0: Called Strike 1-1: SINGLE (Groundball, 56D) Dave Helásquez to third
|
Batting: LHB Denny Poole
|
0-0: Ball 1-0: Ball 2-0: Called Strike 2-1: Ball 3-1: Base on Balls Domingo Romero to second
|
Batting: LHB Dave Watson
|
0-0: Ball 1-0: Ball 2-0: Ball 3-0: Base on Balls Dave Helásquez scores Domingo Romero to third Denny Poole to second
|
Batting: RHB Doug Murray
|
0-0: Foul Ball, location: 2F 0-1: Foul Ball, location: 2F 0-2: Ball 1-2: Fly out, F9 (Flyball, 89S)
|
Batting: LHB David Cháves
|
0-0: Ball 1-0: Ball 2-0: Ball 3-0: Called Strike 3-1: Called Strike 3-2: Base on Balls Domingo Romero scores Denny Poole to third Dave Watson to second
|
Pitching: RHP César Morín
|
|
Batting: RHB Octávio Marín
|
0-0: SINGLE (Line Drive, 8RS) Denny Poole scores Dave Watson to third David Cháves to second
|
Batting: RHB Danny Walker
|
0-0: Ball 1-0: GRAND SLAM HOME RUN (Flyball, 78XD), Distance : 402 ft
|
Batting: RHB Norberto Gonzáles
|
0-0: Ground out 6-3 (Groundball, 56)
|
Bottom of the 3rd over - 7 run(s), 4 hit(s), 0 error(s), 0 left on base; Birmingham 0 - Indiana 11 |
TOP OF THE 4TH |
Birmingham Barons batting - Pitching for Indiana Hounds : LHP Tatsui Tanaka
|
Batting: RHB Warren Martin
|
0-0: Called Strike 0-1: Ball 1-1: Swinging Strike 1-2: Foul Ball, location: 2F 1-2: Ground out 6-3 (Groundball, 6D)
|
Batting: LHB John Haney
|
0-0: Swinging Strike 0-1: Fly out, F7 (Flyball, 78S)
|
Batting: RHB Todd Rogers
|
0-0: Ball 1-0: Foul Ball, location: 2F 1-1: Ball 2-1: Swinging Strike 2-2: Strikes out swinging
|
Top of the 4th over - 0 run(s), 0 hit(s), 0 error(s), 0 left on base; Birmingham 0 - Indiana 11 |
BOTTOM OF THE 4TH |
Indiana Hounds batting - Pitching for Birmingham Barons : RHP César Morín
|
Batting: LHB Dave Helásquez
|
0-0: Ball 1-0: Foul Ball, location: 2F 1-1: Ball 2-1: SINGLE (Line Drive, 34)
|
Batting: RHB Domingo Romero
|
0-0: Foul Ball, location: 2F 0-1: Fly out, F8 (Flyball, 8LM)
|
Batting: LHB Denny Poole
|
0-0: Ball 1-0: Foul Ball, location: 2F 1-1: SINGLE (Line Drive, 78S) Dave Helásquez to second
|
Batting: LHB Dave Watson
|
0-0: Called Strike 0-1: Ball 1-1: Ball 2-1: Ball 3-1: Base on Balls Dave Helásquez to third Denny Poole to second
|
Batting: RHB Doug Murray
|
0-0: Called Strike 0-1: Swinging Strike 0-2: Ball 1-2: Ball 2-2: Ball 3-2: Strikes out swinging
|
Batting: LHB David Cháves
|
0-0: Called Strike 0-1: Ball 1-1: Fly out, F7 (Flyball, 7LSF)
|
Bottom of the 4th over - 0 run(s), 2 hit(s), 0 error(s), 3 left on base; Birmingham 0 - Indiana 11 |
TOP OF THE 5TH |
Birmingham Barons batting - Pitching for Indiana Hounds : LHP Tatsui Tanaka
|
Batting: SHB Anastasio Ortíz
|
0-0: Called Strike 0-1: Foul Ball, location: 2F 0-2: Ground out 5-3 (Groundball, 5L)
|
Batting: RHB Jean-Paul St-Pierre
|
0-0: SINGLE (Line Drive, 7LS)
|
Batting: RHB Vicente Carona
|
0-0: Called Strike 0-1: Ball 1-1: Fly out, F3 (Line Drive, 34)
|
Batting: LHB Al Gaines
|
0-0: Ball 1-0: Fly out, F9 (Flyball, 9LS)
|
Top of the 5th over - 0 run(s), 1 hit(s), 0 error(s), 1 left on base; Birmingham 0 - Indiana 11 |
BOTTOM OF THE 5TH |
Indiana Hounds batting - Pitching for Birmingham Barons : RHP César Morín
|
Batting: RHB Octávio Marín
|
0-0: Called Strike 0-1: Ball 1-1: Called Strike 1-2: Foul Ball, location: 2F 1-2: Ball 2-2: Strikes out swinging
|
Batting: RHB Danny Walker
|
0-0: Ball 1-0: Fly out, F9 (Flyball, 9LMF)
|
Batting: RHB Norberto Gonzáles
|
0-0: Foul Ball, location: 2F 0-1: Called Strike 0-2: Strikes out swinging
|
Bottom of the 5th over - 0 run(s), 0 hit(s), 0 error(s), 0 left on base; Birmingham 0 - Indiana 11 |
TOP OF THE 6TH |
Birmingham Barons batting - Pitching for Indiana Hounds : LHP Tatsui Tanaka
|
Batting: LHB Marc May
|
0-0: Ball 1-0: Called Strike 1-1: Called Strike 1-2: Foul Ball, location: 2F 1-2: Strikes out swinging
|
Batting: RHB Vicente Elías
|
0-0: Ball 1-0: Foul Ball, location: 2F 1-1: Called Strike 1-2: Foul Ball, location: 2F 1-2: Strikes out swinging, 2-3 out at first.
|
Batting: RHB Warren Martin
|
0-0: Ball 1-0: Ball 2-0: Swinging Strike 2-1: Foul Ball, location: 2F 2-2: Fly out, F9 (Flyball, 9)
|
Top of the 6th over - 0 run(s), 0 hit(s), 0 error(s), 0 left on base; Birmingham 0 - Indiana 11 |
BOTTOM OF THE 6TH |
Indiana Hounds batting - Pitching for Birmingham Barons : RHP César Morín
|
Batting: LHB Dave Helásquez
|
0-0: Foul Ball, location: 2F 0-1: SINGLE (Groundball, 34D) (infield hit)
|
Batting: RHB Domingo Romero
|
0-0: Called Strike 0-1: Ball 1-1: Ball 2-1: Foul Ball, location: 2F 2-2: Fly out, F8 (Flyball, 78M)
|
Batting: LHB Denny Poole
|
0-0: Foul Ball, location: 2F 0-1: Swinging Strike 0-2: Foul Ball, location: 2F 0-2: Ball 1-2: DOUBLE (Flyball, 8LXD) Dave Helásquez to third
|
Batting: LHB Dave Watson
|
0-0: Foul Ball, location: 2F 0-1: SINGLE (Line Drive, 4M) Dave Helásquez scores Denny Poole to third Runner from 3rd tries for Home, SAFE, throw made home
|
Pitching: LHP Manuel Soto
|
|
Batting: RHB Doug Murray
|
0-0: Ball 1-0: Called Strike 1-1: Ball 2-1: SINGLE (Flyball, 9) Dave Watson to second Runner from 2nd tries for 3rd, OUT! Doug Murray to second
|
Batting: LHB David Cháves
|
0-0: Called Strike 0-1: Ball 1-1: Fly out, F9 (Flyball, 9D)
|
Bottom of the 6th over - 2 run(s), 4 hit(s), 0 error(s), 1 left on base; Birmingham 0 - Indiana 13 |
TOP OF THE 7TH |
Birmingham Barons batting - Pitching for Indiana Hounds : LHP Tatsui Tanaka
|
Batting: LHB John Haney
|
0-0: Swinging Strike 0-1: Ball 1-1: Called Strike 1-2: Foul Ball, location: 2F 1-2: Foul Ball, location: 2F 1-2: Ball 2-2: Foul Ball, location: 2F 2-2: Fly out, F7 (Flyball, 7)
|
Batting: RHB Todd Rogers
|
0-0: Foul Ball, location: 2F 0-1: Foul Ball, location: 2F 0-2: Fly out, F6 (Line Drive, 6)
|
Batting: SHB Anastasio Ortíz
|
0-0: Ball 1-0: Ball 2-0: Called Strike 2-1: Swinging Strike 2-2: Foul Ball, location: 2F 2-2: SINGLE (Flyball, 78S)
|
Pitching: RHP Rob Fields
|
|
Batting: RHB Jean-Paul St-Pierre
|
0-0: Ball Anastasio Ortíz steals 2nd base 1-0: SINGLE (Groundball, 34D) Anastasio Ortíz to third Runner from 3rd tries for Home, SAFE, no throw
|
Batting: RHB Vicente Carona
|
0-0: Ball 1-0: Ball 2-0: Foul Ball, location: 2F 2-1: Fielders Choice at 2nd, 6-4 (Groundball, 6)
|
Top of the 7th over - 1 run(s), 2 hit(s), 0 error(s), 0 left on base; Birmingham 1 - Indiana 13 |
BOTTOM OF THE 7TH |
Indiana Hounds batting - Pitching for Birmingham Barons : LHP Manuel Soto
|
Batting: RHB Octávio Marín
|
0-0: Ball 1-0: Ball 2-0: Ball 3-0: Called Strike 3-1: Foul Ball, location: 2F 3-2: Strikes out swinging
|
Batting: RHB Danny Walker
|
0-0: Ball 1-0: Called Strike 1-1: Foul Ball, location: 2F 1-2: Ball 2-2: Foul Ball, location: 2F 2-2: Ball 3-2: Base on Balls
|
Batting: RHB Norberto Gonzáles
|
0-0: Ball 1-0: Called Strike 1-1: Swinging Strike 1-2: Strikes out swinging
|
Batting: LHB Dave Helásquez
|
0-0: Ball 1-0: Called Strike 1-1: Called Strike 1-2: Strikes out swinging
|
Bottom of the 7th over - 0 run(s), 0 hit(s), 0 error(s), 1 left on base; Birmingham 1 - Indiana 13 |
TOP OF THE 8TH |
Birmingham Barons batting - Pitching for Indiana Hounds : RHP Rob Fields
|
Batting: LHB Al Gaines
|
0-0: Ball 1-0: Foul Ball, location: 2F 1-1: SINGLE (Groundball, 4D)
|
Pinch Hitting: RHB Juan Jiménez
|
0-0: Called Strike 0-1: Called Strike 0-2: Foul Ball, location: 2F 0-2: Ball 1-2: Fly out, F9 (Flyball, 9S)
|
Batting: RHB Vicente Elías
|
0-0: Ground out 5-3 (Groundball, 56S) Al Gaines to second
|
Pinch Hitting: RHB Dave Dawson
|
0-0: Foul Ball, location: 2F 0-1: Ball 1-1: Called Strike 1-2: Foul Ball, location: 2F 1-2: Strikes out swinging
|
Top of the 8th over - 0 run(s), 1 hit(s), 0 error(s), 1 left on base; Birmingham 1 - Indiana 13 |
BOTTOM OF THE 8TH |
Indiana Hounds batting - Pitching for Birmingham Barons : LHP Manuel Soto
|
Now at 1B: Juan Jiménez
|
|
Now in LF: Pete Smith
|
|
Batting: RHB Domingo Romero
|
0-0: Called Strike 0-1: Ball 1-1: Called Strike 1-2: Ball 2-2: Foul Ball, location: 2F 2-2: SINGLE (Line Drive, 7LS)
|
Batting: LHB Denny Poole
|
0-0: Foul Ball, location: 2F 0-1: Fly out, F9 (Line Drive, 9D)
|
Batting: LHB Dave Watson
|
0-0: Ball 1-0: Ball 2-0: SINGLE (Groundball, 34D) Domingo Romero to second Runner from 2nd tries for 3rd, SAFE, throw made to third
|
Batting: RHB Doug Murray
|
0-0: Ball 1-0: Ball 2-0: Ball 3-0: Foul Ball, location: 2F 3-1: Base on Balls Dave Watson to second
|
Batting: LHB David Cháves
|
0-0: Called Strike 0-1: Foul Ball, location: 2F 0-2: Strikes out swinging
|
Batting: RHB Octávio Marín
|
0-0: Ball 1-0: Ball 2-0: Called Strike 2-1: Foul Ball, location: 2F 2-2: Strikes out swinging
|
Bottom of the 8th over - 0 run(s), 2 hit(s), 0 error(s), 3 left on base; Birmingham 1 - Indiana 13 |
TOP OF THE 9TH |
Birmingham Barons batting - Pitching for Indiana Hounds : RHP Rob Fields
|
Now in LF: Carlos Moya
|
|
Batting: LHB John Haney
|
0-0: Ball 1-0: Called Strike 1-1: Foul Ball, location: 2F 1-2: Foul Ball, location: 2F 1-2: Strikes out looking
|
Batting: RHB Todd Rogers
|
0-0: Ground out 4-3 (Groundball, 4)
|
Batting: SHB Anastasio Ortíz
|
0-0: Ground out 4-3 (Groundball, 4S)
|
Top of the 9th over - 0 run(s), 0 hit(s), 0 error(s), 0 left on base; Birmingham 1 - Indiana 13 |
|